Workbook
Name _Hlk192149780: ANEXO3!#REF!

Sheet EVALUACIONES
B1: PROCESO No. | C1: MC-011-2026
B2: OBJETO GENERAL: | C2: CONTRATAR LOS SERVICIOS PROFESIONALES PARA LA ELABORACIÒN DE AVALÙOS COMERCIALES DE LOS BIENES MUEBLES E INMUEBLES, ÀREAS DE COMPENSACIÒN Y PREDIOS DE INTERÈS DEL MUNICIPIO, PARA EL DESARROLLO DE NUEVOS PROYECTOS, QUE PROPENDAN POR EL CRECIMIENTO ECONÒMICO Y SOSTENIBLE DEL MUNICIPIO DE CHINCHINÀ - CALDAS
B3: PRESUPUESTO OFICIAL | C3: 35000000
B4: FECHA APERTURA SOBRE ECONOMICO | C4: 46101
B6: NOMBRE | C6: CC/NIT | D6: VALOR PROPUESTA | E6: CRITERIO | F6: OBSERVACIONES
A7: 1 | B7: =+'01 JAIMEGUTIERREZ'!B5 -> JAIME GUTIERREZ AGUIRRE | C7: =+'01 JAIMEGUTIERREZ'!B6 -> 10265760 | D7: 35000000 | E7: =+VLRMINIMO!D8 -> CUMPLE
B11: ANA MARÍA GÓMEZ URIBE
B12: SECRETARIA ADMINISTRATIVA Y FINANCIERA
B13: MIEMBRO DEL COMITÉ EVALUADOR
B15: Proyectó: Eduard Felipe Mejía Pineda, Contratista | C15: #VALUE!

Sheet VLRMINIMO
B1: PROCESO No. | C1: =+EVALUACIONES!C1 -> MC-011-2026
B2: OBJETO GENERAL: | C2: =+EVALUACIONES!C2 -> CONTRATAR LOS SERVICIOS PROFESIONALES PARA LA ELABORACIÒN DE AVALÙOS COMERCIALES DE LOS BIENES MUEBLES E INMUEBLES, ÀREAS DE COMPENSACIÒN Y PREDIOS DE INTERÈS DEL MUNICIPIO, PARA EL DESARROLLO DE NUEVOS PROYECTOS, QUE PROPENDAN POR EL CRECIMIENTO ECONÒMICO Y SOSTENIBLE DEL MUNICIPIO DE CHINCHINÀ - CALDAS
B3: PRESUPUESTO OFICIAL | C3: =+EVALUACIONES!C3 -> 35000000
B4: FECHA APERTURA SOBRE ECONOMICO | C4: =+EVALUACIONES!C4 -> 46101
B5: VALOR MÍNIMO ACEPTABLE
B7: NOMBRE | C7: VALOR | D7: CRITERIO | E7: OBSERVACIONES
A8: 1 | B8: =+'01 JAIMEGUTIERREZ'!B5 -> JAIME GUTIERREZ AGUIRRE | C8: =+'01 JAIMEGUTIERREZ'!D30 -> 6015282 | D8: =IF(C8<=C11,"CUMPLE","NO CUMPLE") -> CUMPLE
B10: VALOR MÍNIMO ACEPTABLE | C10: =+ROUND(C11*0.8,0) -> 8020379
B11: PRESUPUESTO OFICIAL | C11: =+ANEXO3!C23 -> 10025474
B14: ANA MARÍA GÓMEZ URIBE
B15: SECRETARIA ADMINISTRATIVA Y FINANCIERA
B16: MIEMBRO DEL COMITÉ EVALUADOR
B18: =+EVALUACIONES!B15 -> Proyectó: Eduard Felipe Mejía Pineda, Contratista | C18: =+EVALUACIONES!C15 -> #VALUE!

Sheet 01 JAIMEGUTIERREZ
A1: PROCESO No. | B1: =+EVALUACIONES!C1 -> MC-011-2026
A2: OBJETO GENERAL: | B2: =+EVALUACIONES!C2 -> CONTRATAR LOS SERVICIOS PROFESIONALES PARA LA ELABORACIÒN DE AVALÙOS COMERCIALES DE LOS BIENES MUEBLES E INMUEBLES, ÀREAS DE COMPENSACIÒN Y PREDIOS DE INTERÈS DEL MUNICIPIO, PARA EL DESARROLLO DE NUEVOS PROYECTOS, QUE PROPENDAN POR EL CRECIMIENTO ECONÒMICO Y SOSTENIBLE DEL MUNICIPIO DE CHINCHINÀ - CALDAS
A3: PRESUPUESTO OFICIAL | B3: =+EVALUACIONES!C3 -> 35000000
A4: FECHA APERTURA SOBRE ECONOMICO | B4: =+EVALUACIONES!C4 -> 46101
A5: PROPONENTE | B5: JAIME GUTIERREZ AGUIRRE
A6: NIT | B6: 10265760
A8: INMUEBLES URBANOS SIN CONSTRUCCION | B8: AREA | C8: VALOR TECHO UNITARIO (IVA INCLUIDO) | D8: VALOR UNITARIO OFERTA (IVA INCLUIDO) | E8: EVALUACIÓN
B9: HASTA 300 M2 | C9: 415785.24 | D9: 249471 | E9: =+IF(D9<=C9,"CUMPLE","NO CUMPLE") -> CUMPLE
B10: DE 301 A 500 M2 | C10: 475695.77 | D10: 285417 | E10: =+IF(D10<=C10,"CUMPLE","NO CUMPLE") -> CUMPLE
B11: DE 501 A 1,000 M2 | C11: 596593.77 | D11: 357956 | E11: =+IF(D11<=C11,"CUMPLE","NO CUMPLE") -> CUMPLE
B12: DE 1,001 EN ADELANTE | C12: 291480.45 | D12: 174888 | E12: =+IF(D12<=C12,"CUMPLE","NO CUMPLE") -> CUMPLE
A13: LOTES DE TERRENO URBANO CON CONSTRUCCION | B13: AREA | C13: VALOR TECHO UNITARIO | E13: =+IF(D13<=C13,"CUMPLE","NO CUMPLE") -> CUMPLE
B14: HASTA 500 M2 | C14: 460628.4 | D14: 276377 | E14: =+IF(D14<=C14,"CUMPLE","NO CUMPLE") -> CUMPLE
B15: DE 501 A 1,000 M2 | C15: 561228.47 | D15: 336737 | E15: =+IF(D15<=C15,"CUMPLE","NO CUMPLE") -> CUMPLE
B16: DE 1,001 A 5,000 M2 | C16: 681705.51 | D16: 409023 | E16: =+IF(D16<=C16,"CUMPLE","NO CUMPLE") -> CUMPLE
B17: DE 5,001 M2 EN ADELANTE | C17: 336323.59 | D17: 201794 | E17: =+IF(D17<=C17,"CUMPLE","NO CUMPLE") -> CUMPLE
A18: INMUEBLES RURALES SIN CONSTRUCCION | B18: AREA =. -= | C18: VALOR TECHO UNITARIO | E18: =+IF(D18<=C18,"CUMPLE","NO CUMPLE") -> CUMPLE
B19: MENOR A 1HA - | C19: 690006.91 | D19: 414004 | E19: =+IF(D19<=C19,"CUMPLE","NO CUMPLE") -> CUMPLE
B20: HASTA 10HA | C20: 909599.05 | D20: 545759 | E20: =+IF(D20<=C20,"CUMPLE","NO CUMPLE") -> CUMPLE
B21: MAYOR A 10HA | C21: 358516.12 | D21: 215110 | E21: =+IF(D21<=C21,"CUMPLE","NO CUMPLE") -> CUMPLE
A22: LOTES DE TERRENO RURALES CON CONSTRUCCION | B22: AREA | C22: VALOR TECHO UNITARIO | E22: =+IF(D22<=C22,"CUMPLE","NO CUMPLE") -> CUMPLE
B23: MENOR A 1HA - | C23: 759007.6 | D23: 455405 | E23: =+IF(D23<=C23,"CUMPLE","NO CUMPLE") -> CUMPLE
B24: HASTA 10HA | C24: 1000558.9 | D24: 600335 | E24: =+IF(D24<=C24,"CUMPLE","NO CUMPLE") -> CUMPLE
B25: MAYOR A 10HA | C25: 394362.78 | D25: 236618 | E25: =+IF(D25<=C25,"CUMPLE","NO CUMPLE") -> CUMPLE
A26: PARA BIENES MUEBLES | B26: ELEMENTOS | C26: VALOR TECHO UNITARIO | E26: =+IF(D26<=C26,"CUMPLE","NO CUMPLE") -> CUMPLE
B27: MOTOS | C27: 545962.4 | D27: 327577 | E27: =+IF(D27<=C27,"CUMPLE","NO CUMPLE") -> CUMPLE
B28: CARROS | C28: 663162.31 | D28: 397897 | E28: =+IF(D28<=C28,"CUMPLE","NO CUMPLE") -> CUMPLE
B29: MAQUINARIA AMARILLA | C29: 884856.89 | D29: 530914 | E29: =+IF(D29<=C29,"CUMPLE","NO CUMPLE") -> CUMPLE
C30: =SUM(C9:C29) -> 10025474 | D30: =SUM(D9:D29) -> 6015282 | E30: =+IF(D30<=C30,"CUMPLE","NO CUMPLE") -> CUMPLE

Sheet ANEXO3
A1: INMUEBLES URBANOS SIN CONSTRUCCION | B1: AREA | C1: VALOR TECHO UNITARIO | E1: VALOR IVA INCLUIDO PROCESO
B2: HASTA 300 M2 | C2: 415785.24 | E2: 249471
B3: DE 301 A 500 M2 | C3: 475695.77 | E3: 285417
B4: DE 501 A 1,000 M2 | C4: 596593.77 | E4: 357956
B5: DE 1,001 EN ADELANTE | C5: 291480.45 | E5: 174888
A6: LOTES DE TERRENO URBANO CON CONSTRUCCION | B6: AREA | C6: VALOR TECHO UNITARIO
B7: HASTA 500 M2 | C7: 460628.4 | E7: 276377
B8: DE 501 A 1,000 M2 | C8: 561228.47 | E8: 336737
B9: DE 1,001 A 5,000 M2 | C9: 681705.51 | E9: 409023
B10: DE 5,001 M2 EN ADELANTE | C10: 336323.59 | E10: 201794
A11: INMUEBLES RURALES SIN CONSTRUCCION | B11: AREA =. -= | C11: VALOR TECHO UNITARIO
B12: MENOR A 1HA - | C12: 690006.91 | E12: 414004
B13: HASTA 10HA | C13: 909599.05 | E13: 545759
B14: MAYOR A 10HA | C14: 358516.12 | E14: 215110
A15: LOTES DE TERRENO RURALES CON CONSTRUCCION | B15: AREA | C15: VALOR TECHO UNITARIO
B16: MENOR A 1HA - | C16: 759007.6 | E16: 455405
B17: HASTA 10HA | C17: 1000558.9 | E17: 600335
B18: MAYOR A 10HA | C18: 394362.78 | E18: 236618
A19: PARA BIENES MUEBLES | B19: AREA | C19: VALOR TECHO UNITARIO
B20: MOTOS | C20: 545962.4 | E20: 327577
B21: CARROS | C21: 663162.31 | E21: 397897
B22: MAQUINARIA AMARILLA | C22: 884856.89 | E22: 530914
A23: TOTAL | C23: =SUM(C2:C22) -> 10025474 | E23: =SUM(E2:E22) -> 6015282

Sheet ESPECIFICACIONESTECNICAS
A1: DOCUMENTOS | B1: APLICA / NO APLICA | C1: CUMPLE / NO CUMPLE
A2: 1. El avalúo técnico debe ser ejecutado por un perito avaluador profesional debidamente acreditado ante el Registro Abierto de Avaluadores (RAA); por tanto, El oferente deberá anexar el certificado del Registro abierto de Avaluadores (RRA); el cual permita verificar los antecedentes del Tribunal Disciplinario de la ERA Corporación Colombiana Autorreguladora de Avaluadores del oferente y que este inscrito en las siguientes categorías: Urbanos, Rurales, Recursos Naturales y Suelos de Protección, Obras de Infraestructura, Inmuebles Especiales, Maquinaria Fija, Equipos y Maquinaria Movil, Maquinaria y Equipos Especiales, Activos Operacionales y Establecimientos de Comercio, Tangibles e Intangibles Especiales. | B2: APLICA | C2: CUMPLE
A3: 2. De acuerdo con lo establecido en el Artículo 2.2.2.3.7 del DECRETO 1170 DE 2015 Las personas naturales o jurídicas de carácter privado que realicen avalúos en desarrollo del presente decreto, deberán estar registradas y autorizadas por una lonja de propiedad raíz domiciliada en el municipio o distrito donde se encuentre el bien objeto de la valoración, el oferente deberá anexar el certificado de registro y autorización de una lonja de propiedad raíz domiciliada en Caldas | B3: APLICA | C3: CUMPLE

Sheet EXPERIENCIA
A1: DOCUMENTOS | B1: APLICA / NO APLICA | C1: CUMPLE / NO CUMPLE
A2: Acreditar máximo con dos (2) contratos o facturación de venta que en los últimos tres (03) años ha celebrado contratos con entidades públicas con objetos iguales o similares al de la presente invitación, que sumados tengan un valor igual o superior al 100% del valor del presupuesto oficial asignado. Lo anterior se acreditará con las actas de liquidación o constancias expedidas por el contratante donde conste el cumplimiento a satisfacción del objeto, valor contrato, plazo, fecha de inicio y terminación. | B2: APLICA | C2: CUMPLE
